 Dungeon Crawl Stone Soup version 0.24-a0-525-g9231cdcba1 (webtiles) character file.

Game seed: 10020692508019080398

62346 Flugkiller the Nimble (level 15, -3/107 HPs)
             Began as an Octopode Gladiator on Aug 1, 2019.
             Was a Follower of Uskayaw.
             Killed from afar by a deep elf mage (7 damage)
             ... with a sticky flame
             ... on level 13 of the Dungeon.
             The game lasted 00:51:19 (30771 turns).

Flugkiller the Nimble (Octopode Gladiator)         Turns: 30771, Time: 00:51:19

Health: -3/107     AC:  5    Str: 18    XL:     15   Next: 6%
Magic:  24/24      EV: 32    Int: 14    God:    Uskayaw [*.....]
Gold:   1065       SH:  6    Dex: 23    Spells: 14/14 levels left

rFire    . . .     SeeInvis .   D - +2 dagger (elec)
rCold    + + .     Gourm    .   B - +0 buckler
rNeg     . . .     Faith    .   b - +2 hat
rPois    .         Spirit   .   (no amulet)
rElec    .         Reflect  .   x - ring of protection from cold
rCorr    .         Harm     .   E - +4 ring of strength
MR       ++...                  S - ring of protection from cold
Stlth    +++.......             (no ring)
HPRegen  0.27/turn              (no ring)
MPRegen  0.19/turn              (no ring)
                                (no ring)
                                (no ring)

@: agile, liquid flames, hasted, glowing, very quick
A: almost no armour, stealthy swim, amphibious, 8 rings, constrict 8, iridescent
scales 1, camouflage 1, clever 1, magic resistance 1, gelatinous body 1
a: Stomp, Renounce Religion


You were on level 13 of the Dungeon.
You worshipped Uskayaw.
Uskayaw was pleased with you.
You were not hungry.

You visited 3 branches of the dungeon, and saw 20 of its levels.

You collected 1263 gold pieces.
You spent 198 gold pieces at shops.

Inventory:

Hand Weapons
 a - a +0 rapier
 n - a cursed +5 dagger
   (You took it off a wight on level 9 of the Dungeon)
 y - a +4 vampiric short sword
   (You took it off Maurice on level 9 of the Dungeon)
 z - a +1 dagger of pain
   (You took it off a gnoll on level 6 of the Dungeon)
 C - a +1 short sword of venom
   (You took it off an orc on level 6 of the Dungeon)
 D - a +2 dagger of electrocution (weapon)
   (You found it on level 7 of the Dungeon)
Missiles
 c - 3 throwing nets
 s - 130 poisoned darts (quivered)
Armour
 b - a +2 hat (worn)
 B - a +0 buckler (worn)
   (You found it on level 7 of the Dungeon)
Jewellery
 x - a ring of protection from cold (left tentacle)
   (You found it on level 5 of the Dungeon)
 E - a +4 ring of strength (right tentacle)
   (You found it on level 11 of the Dungeon)
 O - the amulet "Idghyx" {Harm *Drain rC+ rN+}
   (You found it on level 3 of the Lair of Beasts)

   [amulet of harm]

   It increases damage dealt and taken.
   It protects you from cold.
   It protects you from negative energy.
   It causes draining when unequipped.
 S - a ring of protection from cold (on tentacle)
   (You found it on level 4 of the Lair of Beasts)
Wands
 t - a wand of iceblast (4)
   (You took it off Maurice on level 9 of the Dungeon)
 J - a wand of flame (13)
   (You found it on level 11 of the Dungeon)
Scrolls
 g - 2 scrolls of amnesia
 h - a scroll of summoning
 q - 17 scrolls of remove curse
 F - 5 scrolls of magic mapping
 G - a scroll of immolation
 I - a scroll of fog
 K - a scroll of brand weapon
 P - 4 scrolls of identify
 Q - 8 scrolls of enchant armour
Potions
 e - 4 potions of haste
 f - 4 potions of lignification
 i - 6 potions of curing
 j - 5 potions of flight
 k - 2 potions of ambrosia
 o - 5 potions of brilliance
 p - 3 potions of cancellation
 r - 2 potions of resistance
 v - 3 potions of mutation
 H - 3 potions of magic
 N - a potion of agility
Miscellaneous
 L - a phantom mirror
Comestibles
 d - 37 rations


   Skills:
 + Level 11.4 Fighting
 + Level 10.5 Short Blades
 - Level 2.0 Throwing
 + Level 14.3 Dodging
 - Level 12.0 Stealth
 - Level 4.0 Shields
 - Level 13.0 Invocations
 - Level 5.0 Evocations


You had 14 spell levels left.
You didn't know any spells.
Your spell library contained the following spells:

 Spells                   Type           Power        Failure   Level  Hunger
 Magic Dart               Conj           #...         28%         1    ##.....
 Blink                    Tloc           N/A          41%         2    ###....
 Call Imp                 Summ           #.......     41%         2    ###....
 Slow                     Hex            #.......     41%         2    ###....
 Conjure Flame            Conj/Fire      #.......     65%         3    ####...
 Mephitic Cloud           Conj/Pois/Air  #.......     65%         3    ####...


Dungeon Overview and Level Annotations

Branches:
Dungeon (13/15)            Temple (1/1) D:4            Lair (6/6) D:11
  Snake (0/4) Lair:4        Slime (0/5) Lair:6          Orc (0/2) D:12
 Vaults (0/5) D:13
  Swamp: Lair:2-4    Shoals: Lair:2-4

Altars:
Ashenzari
Cheibriados
Dithmenos
Elyvilon
Fedhas
Gozag
Hepliaklqana
Kikubaaqudgha
Makhleb
Nemelex Xobeh
Okawaru
Qazlal
Ru
Sif Muna
Trog
Uskayaw
Vehumet
Wu Jian
Xom
Yredelemnul
Zin
The Shining One
Beogh
Jiyva

Shops:
D:6 !

Annotations:
D:7 Joseph
D:8 2 transporters, DavidChitty2's ghost, novice DrCj
D:9 Erica; Psyche
D:12 exclusions: bullfrog and iguana, Sonja
Lair:3 exclusion: black mamba, Gastronok
Lair:4 exclusions: 2 oklob plants and 2 more exclusions
Lair:5 exclusion: oklob plant
Lair:6 2 exclusions


Innate Abilities, Weirdness & Mutations

You cannot wear most types of armour.
You are very stealthy in the water. (Stealth+)
You are amphibious.
You can wear up to eight rings at the same time.
You can use your tentacles to constrict eight enemies at once.
Your skin changes colour to match your surroundings (Stealth+).
Your rubbery body absorbs attacks. (AC +1, EV +1)
You are partially covered in iridescent scales. (AC +2)
Your mind is acute. (Int +2)
You are resistant to hostile enchantments. (MR+)


Message History

You constrict the hornet. The vault guard completely misses you.
Unknown command.
You hit the centaur warrior but do no damage.
You constrict the hornet. The hornet completely misses you.
Unknown command.
You hit the centaur warrior.
The centaur warrior is lightly wounded.
You constrict the hornet. The centaur warrior hits you! The hornet stings you!
* * * LOW HITPOINT WARNING * * *
You feel yourself slow down.
Okay, then.
You feel yourself speed up.
You feel yourself speed up.
You constrict the hornet. The centaur warrior barely misses you.
The hornet stings you!
* * * LOW HITPOINT WARNING * * *
You feel yourself slow down.
The vault guard hits you from afar with a +0 glaive!
* * * LOW HITPOINT WARNING * * *
The centaur warrior hits you.
* * * LOW HITPOINT WARNING * * *
The hornet completely misses you.
You release your grip on the hornet.
You feel yourself speed up.
The centaur warrior wields a +0 shortbow.
The centaur warrior shoots an arrow.
The arrow closely misses you.
The deep elf mage mumbles some strange words.
The deep elf mage blinks!
The hornet closely misses you.
Unknown command.
Okay, then.
Unknown command.
You feel better.
The centaur warrior shoots an arrow.
The arrow hits you!
* * * LOW HITPOINT WARNING * * *
Okay, then.
You feel agile all of a sudden.
The centaur warrior shoots an arrow.
The arrow completely misses you.
The deep elf mage mumbles some strange words.
The deep elf mage blinks!
Unknown command.
The centaur warrior shoots an arrow.
The arrow misses you.
Unknown command.
The deep elf mage casts a spell at you. The bolt of fire hits you!
* * * LOW HITPOINT WARNING * * *
As you read the scroll of fog, it crumbles to dust.
The scroll dissolves into smoke.
The deep elf mage points at you and mumbles some strange words.
The sticky flame hits you!
You are covered in liquid flames!
You die...

########
#...(ec##########
#(§§.p...........
#§§§§##.§.....#
########§§@####py...##
#........§## ##p..##
#.......§§## ##W##
#...(......# #..H..#
##.....[....##W#...#.#
##...........# .Dc.. #
#............+...e$..
##....##.....#.......#
#....# #...##.#...#.#


You could see a vault guard and a deep elf mage.

Vanquished Creatures
  7 hydras
  A catoblepas (Lair:6)
  2 centaur warriors
  10 two-headed ogres
  A deep troll earth mage (D:11)
  A tengu warrior (D:12)
  A flayed ghost (D:12)
  An ugly thing (D:11)
  A manticore (D:11)
  3 black mambas
  14 elephants
  2 cyclopes
  Maurice (D:9)
  A gargoyle (D:10)
  6 spiny frogs
  A torpor snail (Lair:6)
  5 rime drakes
  8 komodo dragons
  An efreet (D:12)
  A tyrant leech (Lair:4)
  9 polar bears (Lair:6)
  2 hornets
  A troll (D:9)
  4 blink frogs (Lair:6)
  3 raiju (Lair:6)
  14 hippogriffs
  3 dream sheep (Lair:6)
  4 slime creatures (D:12)
  Prince Ribbit (D:8)
  A spriggan (D:7)
  61 yaks
  6 basilisks
  A hungry ghost (D:9)
  6 wargs (Lair:6)
  11 water moccasins
  12 hell hounds (Lair:6)
  13 porcupines
  2 sky beasts
  18 black bears
  A necrophage (D:8)
  3 orc warriors (D:12)
  An ice beast (D:12)
  9 ogres
  2 phantoms
  22 wolves
  2 eyes of draining (D:12)
  12 centaurs
  9 crocodiles
  2 big kobolds
  10 bullfrogs
  A gnoll sergeant (D:5)
  3 scorpions
  A wyvern skeleton (D:10)
  4 killer bees (D:9)
  20 wights
  3 bullfrog zombies
  2 centaur zombies (D:12)
  9 crimson imps
  A quasit (D:6)
  8 orc priests
  2 bullfrog skeletons
  9 hounds
  8 jellies
  Natasha (thrice) (D:4)
  3 centaur skeletons
  8 iguanas
  7 hell rats
  8 worker ants
  12 orc wizards
  A killer bee zombie (D:7)
  3 hound zombies
  A worker ant zombie (D:5)
  18 gnolls
  16 adders
  6 shadow imps
  7 oozes (Lair:5)
  2 adder skeletons (D:4)
  2 worms (D:3)
  2 dart slugs
  12 leopard geckos
  51 orcs
  2 ball pythons
  4 bats
  4 giant cockroaches
  7 goblins
  12 hobgoblins
  5 jackals
  14 kobolds
  4 quokkas
  6 frilled lizards
  2 quokka skeletons
  A quokka zombie (D:5)
  7 rats
  A fungus (Lair:6)
  A plant (D:11)
616 creatures vanquished.

Vanquished Creatures (others)
  A black bear (Lair:6)
  A wolf (Lair:4)
  2 orcs
  24 fungi
  22 plants
50 creatures vanquished.

Grand Total: 666 creatures vanquished

Notes
Turn   | Place    | Note
-------+----------+-------------------------------------------
     0 | D:1      | Flugkiller the Octopode Gladiator began the quest for the
                  | Orb.
     0 | D:1      | Reached XP level 1. HP: 14/14 MP: 1/1
   120 | D:1      | Reached XP level 2. HP: 18/19 MP: 2/2
   644 | D:2      | Reached XP level 3. HP: 22/25 MP: 3/3
  1023 | D:2      | Reached XP level 4. HP: 30/30 MP: 4/4
  1550 | D:2      | Reached skill level 4 in Dodging
  1552 | D:2      | Reached XP level 5. HP: 22/36 MP: 5/5
  3285 | D:3      | Reached XP level 6. HP: 30/43 MP: 6/6
  3540 | D:4      | Noticed a sky beast
  3837 | D:3      | Killed a sky beast
  3995 | D:4      | Noticed a phantom
  4095 | D:4      | Killed a phantom
  4095 | D:4      | Reached skill level 5 in Short Blades
  4095 | D:4      | Reached skill level 5 in Dodging
  4095 | D:4      | Reached XP level 7. HP: 33/49 MP: 7/7
  4256 | D:4      | Found a staircase to the Ecumenical Temple.
  4290 | Temple   | Entered the Ecumenical Temple
  4390 | Temple   | Became a worshipper of Uskayaw the Reveler
  4449 | D:4      | Noticed Natasha
  4450 | D:4      | Killed Natasha
  4450 | D:4      | Reached * piety under Uskayaw
  4560 | D:4      | Noticed Natasha
  4565 | D:4      | Reached ** piety under Uskayaw
  4566 | D:4      | Killed Natasha
  4572 | D:4      | Noticed Natasha
  4582 | D:4      | Killed Natasha
  4582 | D:4      | Reached *** piety under Uskayaw
  4907 | D:5      | Entered Level 5 of the Dungeon
  4987 | D:5      | Reached skill level 5 in Fighting
  5449 | D:5      | Reached XP level 8. HP: 48/55 MP: 8/8
  5522 | D:5      | Reached **** piety under Uskayaw
  5523 | D:5      | Reached skill level 6 in Dodging
  7262 | D:6      | Found Zanas's Distillery.
  7276 | D:6      | Reached skill level 7 in Dodging
  7536 | D:6      | Bought a potion of heal wounds for 55 gold pieces
  7536 | D:6      | Bought a potion of lignification for 33 gold pieces
  7536 | D:6      | Bought a potion of haste for 110 gold pieces
  7828 | D:6      | Reached XP level 9. HP: 63/63 MP: 5/9
  8620 | D:6      | Reached skill level 1 in Invocations
  8749 | D:6      | Reached skill level 1 in Stealth
  9409 | D:7      | Reached skill level 5 in Stealth
  9412 | D:7      | Noticed Joseph
 10005 | D:7      | nice
 10263 | D:8      | Reached skill level 5 in Invocations
 10311 | D:8      | Noticed a hornet
 10313 | D:8      | Killed a hornet
 10327 | D:8      | Reached skill level 1 in Shields
 10349 | D:8      | Noticed Prince Ribbit
 10365 | D:8      | Found a transporter.
 10375 | D:8      | Killed Prince Ribbit
 10375 | D:8      | Reached XP level 10. HP: 69/69 MP: 14/14
 10842 | D:8      | Noticed DavidChitty2's ghost (novice DrCj)
 10871 | D:8      | Found a transporter.
 11200 | D:9      | Found a deep blue altar of Sif Muna.
 11201 | D:9      | Noticed Psyche
 11220 | D:9      | Noticed Maurice
 11227 | D:9      | Killed Maurice
 11227 | D:9      | Reached skill level 8 in Dodging
 11244 | D:9      | Reached ***** piety under Uskayaw
 11385 | D:9      | Noticed a two-headed ogre
 11504 | D:9      | Killed a two-headed ogre
 11891 | D:9      | Noticed a two-headed ogre
 11904 | D:9      | Reached skill level 9 in Dodging
 12174 | D:9      | Killed a two-headed ogre
 12174 | D:9      | Reached XP level 11. HP: 41/75 MP: 15/15
 12379 | D:9      | Noticed Erica
 12841 | D:10     | Entered Level 10 of the Dungeon
 12842 | D:10     | Found a basalt altar of Yredelemnul.
 12921 | D:10     | Reached skill level 10 in Dodging
 13718 | D:11     | Noticed a manticore
 13721 | D:11     | Killed a manticore
 13721 | D:11     | Reached skill level 1 in Evocations
 13736 | D:11     | Noticed a centaur warrior
 13736 | D:11     | Noticed a two-headed ogre
 13881 | D:11     | Noticed a cyclops
 13962 | D:11     | Noticed a two-headed ogre
 13964 | D:11     | Noticed a two-headed ogre
 13970 | D:11     | Killed a cyclops
 14215 | D:11     | Reached skill level 10 in Short Blades
 15393 | D:11     | Found a shimmering altar of Xom.
 15411 | D:11     | Noticed a two-headed ogre
 15429 | D:11     | Killed a two-headed ogre
 15455 | D:11     | Reached skill level 5 in Evocations
 15756 | D:11     | Found a staircase to the Lair.
 15806 | D:11     | Killed a two-headed ogre
 15806 | D:11     | Reached XP level 12. HP: 55/81 MP: 18/18
 16053 | D:11     | Identified the cursed +1 quarterstaff "Qagomakh" {drain,
                  | Str+4}
 16114 | D:11     | Identified the +6 battleaxe of Ufinog {antimagic, SInv}
 16174 | D:11     | Killed a centaur warrior
 16341 | D:11     | Killed a two-headed ogre
 16341 | D:11     | Reached skill level 11 in Dodging
 16864 | D:11     | Found a staircase to the Lair.
 16897 | D:11     | Killed a two-headed ogre
 16983 | D:11     | Found a shimmering altar of Xom.
 17118 | Lair:1   | Entered Level 1 of the Lair of Beasts
 17570 | Lair:1   | Reached skill level 12 in Dodging
 18397 | Lair:2   | Reached skill level 10 in Invocations
 18556 | Lair:2   | Got a steaming war axe
 19454 | Lair:3   | Reached XP level 13. HP: 65/88 MP: 21/21
 19487 | Lair:3   | Got a vibrating platinum amulet
 19894 | Lair:3   | Noticed Gastronok
 19938 | Lair:3   | Reached skill level 13 in Dodging
 20477 | Lair:4   | Found a staircase to the Snake Pit.
 21188 | Lair:4   | Identified the amulet "Idghyx" {Harm *Drain rC+ rN+} (You
                  | found it on level 3 of the Lair of Beasts)
 21350 | Lair:4   | Reached skill level 14 in Dodging
 23191 | Lair:5   | Reached skill level 10 in Fighting
 23578 | Lair:6   | Entered Level 6 of the Lair of Beasts
 24379 | Lair:6   | Reached XP level 14. HP: 47/99 MP: 22/22
 25503 | Lair:6   | Reached ****** piety under Uskayaw
 25825 | Lair:6   | Found a viscous altar of Jiyva.
 25825 | Lair:6   | Found a staircase to the Slime Pits.
 26319 | Lair:6   | Gained mutation: Your mind is acute. (Int +2) [potion of
                  | mutation]
 26319 | Lair:6   | Gained mutation: You are partially covered in iridescent
                  | scales. (AC +2) [potion of mutation]
 26319 | Lair:6   | Gained mutation: You are resistant to hostile enchantments.
                  | (MR+) [potion of mutation]
 26960 | Lair:6   | Reached skill level 10 in Stealth
 28534 | D:12     | Found a staircase to the Orcish Mines.
 28537 | D:12     | Found a roughly hewn altar of Beogh.
 29433 | D:12     | Noticed Sonja
 30469 | D:12     | Reached XP level 15. HP: 43/107 MP: 24/24
 30753 | D:13     | Found a gate to the Vaults.
 30770 | D:13     | HP: 4/107 [deep elf mage/bolt of fire (15)]
 30771 | D:13     | Killed from afar by a deep elf mage

Levels and vault maps discovered:
D:1:      lightli_arrival_isolated_outpost, layout_loops_ring, solitary_fountain
D:2:      layout_basic, grunt_ministairs_3
D:3:      layout_basic, first_ration
D:4:      layout_loops_cross, temple_pool_b, uniq_natasha
D:5:      layout_layer_cave
D:6:      hangedman_cross_stitches, layout_rooms, serial_shops, shop,
          lightli_corner_chamber
D:7:      layout_loops_ring, the_bakery, uniq_joseph
D:8:      layout_loops_ring, gammafunk_ghost_stat_death, uniq_prince_ribbit1
D:9:      layout_small_grid, nicolae_overflow_crystal_walls, uniq_erica,
          uniq_maurice, uniq_psyche
D:10:     layout_rooms, yredelemnul_altar_generic
D:11:     layout_basic, minmay_lair_entry_grove, basic_altar, st_stairs_3,
          minmay_lizard_king
D:12:     minmay_outward_triangles, layout_stronghold,
          minmay_orc_entry_temple_small, uniq_sonja
D:13:     minmay_chambers_of_sevens, layout_gridville,
          lightli_vaults_fourway_checkpoint, basic_altar, serial_shops, shop,
          zaba_anthell
Temple:   kilobyte_greek_temple
Lair:1:   layout_roguey, chequers_serial_rivers_small_3,
          grunt_forest_small_clearings, serial_bayou_shore_b
Lair:2:   layout_gridlike, lemuel_fruit_tree
Lair:3:   layout_hall_layers, grunt_megastairs_2, serial_bayou_shore_b,
          uniq_gastronok
Lair:4:   layout_hall_layers, palyth_hydra_swamp_entry, dummy_snake_entry,
          minmay_lair_oklob_chamber
Lair:5:   lemuel_slime, layout_layer_cave
Lair:6:   hangedman_lair_caniforms_friends, layout_long_grid,
          hangedman_lair_in_review, dpeg_slime_entry_enclosed_altar

Skill      XL: |  1  2  3  4  5  6  7  8  9 10 11 12 13 14 |
---------------+-------------------------------------------+-----
Fighting       | 3 4 5 6 7 8 10 11 | 11.4
Dodging        | 4 5 7 9 10 12 14 | 14.3
Short Blades   | 4 5 7 8 10 | 10.5
Invocations    | 6 8 11 13 | 13.0
Stealth        | 6 8 12 | 12.0
Shields        | 2 4 |  4.0
Evocations     | 5 |  5.0
Throwing       | |  2.0

Action                   |  1- 3 |  4- 6 |  7- 9 | 10-12 | 13-15 || total
-------------------------+-------+-------+-------+-------+-------++-------
Melee: Rapier            |    53 |   132 |   151 |       |       ||   336
       Constrict         |    14 |    30 |    73 |    70 |    69 ||   256
       Tentacles         |     8 |    33 |    74 |   143 |   265 ||   523
       Short sword       |       |       |   114 |    75 |       ||   189
       Dagger            |       |       |    28 |   520 |   905 ||  1453
Throw: Dart              |       |     5 |    28 |    28 |       ||    61
       Throwing net      |       |     1 |       |     3 |       ||     4
Invok: Stomp             |       |       |     1 |     4 |     6 ||    11
       Grand Finale      |       |       |       |     1 |     1 ||     2
       Line Pass         |       |       |       |     1 |     2 ||     3
Evoke: Wand              |       |       |       |     4 |    18 ||    22
  Use: Scroll            |     1 |       |     2 |    17 |    11 ||    31
       Potion            |       |       |     2 |     2 |     7 ||    11
 Stab: Sleeping          |     7 |     4 |    12 |    38 |    22 ||    83
       Distracted        |       |       |     2 |     7 |     8 ||    17
       Paralysed         |       |       |     6 |    28 |    47 ||    81
       Held in net/web   |       |       |       |     1 |       ||     1
       Confused          |       |       |       |       |     1 ||     1
  Eat: Chunk             |       |    10 |    19 |    26 |    29 ||    84
       Ration            |       |       |       |     1 |     3 ||     4
Armor: Skin              |     2 |     5 |     7 |    10 |    28 ||    52
Dodge: Dodged            |    22 |   101 |   202 |   300 |   515 ||  1140
Block: Buckler           |       |       |     6 |    78 |   132 ||   216

Table legend:
 A = Non-vault XP
 B = Vault XP
 C = Vault XP percentage of total XP
 D = Non-vault monster count
 E = Vault monster count
 F = Vault count percentage of total count
                 A         B        C        D         E       F
            +---------+---------+-------+---------+---------+-------
      Total |   68432 |   20635 |  23.2 |     481 |     135 |  21.9
            +---------+---------+-------+---------+---------+-------
        D:1 |      32 |       0 |   0.0 |      20 |       0 |   0.0
        D:2 |     131 |       3 |   2.2 |      25 |       2 |   7.4
        D:3 |     314 |       0 |   0.0 |      28 |       0 |   0.0
        D:4 |     425 |      39 |   8.4 |      12 |       1 |   7.7
        D:5 |     905 |       0 |   0.0 |      26 |       0 |   0.0
        D:6 |    1150 |      64 |   5.3 |      28 |       7 |  20.0
        D:7 |     631 |     215 |  25.4 |      14 |       1 |   6.7
        D:8 |    2151 |     246 |  10.3 |      28 |       1 |   3.4
        D:9 |    3549 |     469 |  11.7 |      37 |       1 |   2.6
       D:10 |    2362 |     442 |  15.8 |      31 |       3 |   8.8
       D:11 |    8510 |    3000 |  26.1 |      42 |      22 |  34.4
       D:12 |    7100 |    2780 |  28.1 |      35 |      17 |  32.7
       D:13 |    3154 |       0 |   0.0 |       5 |       0 |   0.0
     Lair:1 |    4573 |       0 |   0.0 |      21 |       0 |   0.0
     Lair:2 |    4067 |       0 |   0.0 |      18 |       0 |   0.0
     Lair:3 |    5516 |     259 |   4.5 |      20 |       1 |   4.8
     Lair:4 |    7088 |    2081 |  22.7 |      34 |       4 |  10.5
     Lair:5 |    6082 |     304 |   4.8 |      23 |      13 |  36.1
     Lair:6 |   10692 |   10733 |  50.1 |      34 |      62 |  64.6
            +---------+---------+-------+---------+---------+-------
